 Dungeon Crawl Stone Soup version 0.22-a0-612-gd2f0174 (webtiles) character file.

11 digijack the Chiller (level 2, 0/20 HPs)
             Began as a Barachi Ice Elementalist on July 11, 2018.
             Slain by a jackal (3 damage)
             ... on level 1 of the Dungeon.
             The game lasted 00:03:32 (378 turns).

digijack the Chiller (Barachi Ice Elementalist)      Turns: 378, Time: 00:03:33

Health: 0/20       AC:  2    Str:  9    XL:     2   Next: 25%
Magic:  0/5        EV: 12    Int: 15    God:
Gold:   23         SH:  0    Dex: 12    Spells: 2/5 levels left

rFire    . . .     SeeInvis .   (no weapon)
rCold    . . .     Gourm    .   (no shield)
rNeg     . . .     Faith    .   a - +0 robe
rPois    .         Spirit   .   (no helmet)
rElec    .         Reflect  .   (no cloak)
rCorr    .         Harm     .   (no gloves)
MR       .....                  (no boots)
Stlth    ++........             (no amulet)
HPRegen  0.06/turn              (no ring)
MPRegen  0.09/turn              (no ring)

@: can't hop, slow
A: +LOS, swims, slowness 1, strong legs 1
a: Hop


You were on level 1 of the Dungeon.
You were not hungry.

You visited 1 branch of the dungeon, and saw 1 of its levels.

You collected 23 gold pieces.

Inventory:

Armour
 a - a +0 robe (worn)
Comestibles
 b - a chunk of flesh
 c - a ration


   Skills:
 + Level 0.6 Fighting
 + Level 2.3 Dodging
 - Level 1.9 Stealth
 + Level 2.3 Spellcasting
 + Level 1.1 Conjurations
 + Level 3.9 Ice Magic


You had 2 spell levels left.
You knew the following spells:

 Your Spells              Type           Power        Failure   Level  Hunger
a - Freeze                Ice            ##..         4%          1    #......
b - Throw Frost           Conj/Ice       #.....       12%         2    ###....

Your spell library contained the following spells:

 Spells                   Type           Power        Failure   Level  Hunger
 Summon Ice Beast         Ice/Summ       #.......     67%         4    #####..
 Ozocubu's Armour         Chrm/Ice       #.......     28%         3    ###....
 Throw Icicle             Conj/Ice       #.......     58%         4    #####..


Dungeon Overview and Level Annotations

Branches:
Dungeon (1/15)

Altars:


Innate Abilities, Weirdness & Mutations

Shadows flee at your approach. (+LOS)
You can swim through water.
You cover ground slowly.
You can hop short distances.


Message History

Press: ? - help, Shift-Dir - straight line, f/p - jackal
Aim: a jackal (moderately wounded)
Okay, then.
Hop to where?
Press: ? - help, Dir - move target cursor, p - jackal Boing!
Casting: Freeze (safe; 4% risk of failure)
Confirm with . or Enter, or press ? or * to list all spells.
Aiming: Freeze (safe; 4% risk of failure)
Press: ? - help, Shift-Dir - straight line, f - jackal
Aim: a jackal (moderately wounded)
You freeze the jackal.
You kill the jackal!
The jackal bites you.
* * * LOW HITPOINT WARNING * * *
The jackal closely misses you. The jackal bites you.
* * * LOW HITPOINT WARNING * * *
The jackal bites you.
You die...

≈≈≈.....≈≈≈≈≈≈≈≈P..###,***,**
≈≈≈≈...≈≈≈≈≈≈≈≈≈≈....,,,,,,,*
≈≈≈≈...≈≈≈≈≈≈≈≈≈≈..##********
≈≈≈P.).P≈≈≈≈≈≈≈≈P..#
...................#
.......###.[.#####.#
#####..........###.###
.....................#
...............h@..#.###
...............h...#...#
...............S...###.#
...............#.### #.#
..)............#+## #.#
..................####.#
...........###....#....#
...........#......#.####
...........#.#....#.#


You could see 2 jackals and a ball python.

Vanquished Creatures
  A leopard gecko (D:1)
  A bat (D:1)
  A giant cockroach (D:1)
  A hobgoblin (D:1)
  2 jackals (D:1)
  2 frilled lizards (D:1)
  A goblin (D:1)
9 creatures vanquished.

Notes
Turn   | Place    | Note
-------+----------+-------------------------------------------
     0 | D:1      | digijack the Barachi Ice Elementalist began the quest for the Orb.
     0 | D:1      | Reached XP level 1. HP: 13/13 MP: 3/3
   248 | D:1      | Reached XP level 2. HP: 19/20 MP: 0/5
   304 | D:1      | Learned a level 2 spell: Throw Frost
   378 | D:1      | Slain by a jackal

Vault maps used:
D:1:      giann_bridges, grunt_decor_arrowhead

Action                   || total
-------------------------++-------
 Cast: Freeze            ||    11
       Throw Frost       ||     3
 Abil: Hop               ||     1
  Use: Scroll            ||     4
Dodge: Dodged            ||    17

Table legend:
 A = Spawn XP
 B = Non-spawn XP
 C = Spawn XP percentage of total XP
 D = Spawn monster count
 E = Non-spawn monster count
 F = Spawn count percentage of total count
 G = Total turns spent on level
                    A         B        C        D         E        F      G
               +---------+---------+-------+---------+---------+-------+---------
         Total |       0 |      16 |   0.0 |       0 |       9 |   0.0 |   378
               +---------+---------+-------+---------+---------+-------+---------
           D:1 |       0 |      16 |   0.0 |       0 |       9 |   0.0 |   378
               +---------+---------+-------+---------+---------+-------+---------
